 Dungeon Crawl Stone Soup version 0.32-a0-42-ga30500b4d3 (webtiles) character file.

Game seed: 2059465645567319966

6 pokeman the Magician (level 1, -1/10 HPs)
             Began as a Deep Elf Hedge Wizard on Jan 29, 2024.
             Slain by a kobold
             ... wielding a +0 short sword
              (3 damage)
             ... on level 1 of the Dungeon.
             The game lasted 00:00:17 (39 turns).

pokeman the Magician (Deep Elf Hedge Wizard)          Turns: 39, Time: 00:00:18

Health: -1/10      AC:  2    Str:  7    XL:     1   Next: 75%
Magic:  1/8        EV: 12    Int: 18    God:
Gold:   0          SH:  0    Dex: 14    Spells: 8/9 levels left

rFire   . . .        a - +0 dagger
rCold   . . .        (no shield)
rNeg    . . .        b - +0 robe
rPois   .            c - +0 hat
rElec   .            (no cloak)
rCorr   .            (no gloves)
SInv    .            (no boots)
Will    .....        (no amulet)
Stlth   ++           (no ring)
HPRegen 0.21/turn    (no ring)
MPRegen 0.11/turn

%: no passive effects
@: no status effects
A: no striking features
a: no special abilities


You were on level 1 of the Dungeon.
You visited 1 branch of the dungeon, and saw 1 of its levels.

Inventory:

Hand Weapons
 a - a +0 dagger (weapon)
Armour
 b - a +0 robe (worn)
 c - a +0 hat (worn)
Potions
 d - a potion of magic


   Skills:
 + Level 0.2 Fighting
 + Level 0.2 Armour
 - Level 2.4 Dodging
 - Level 2.4 Stealth
 * Level 4.6 Spellcasting
 + Level 1.3 Conjurations
 - Level 1.1 Summonings
 - Level 1.1 Translocations


You had 8 spell levels left.
You knew the following spells:

 Your Spells              Type           Power      Damage    Failure   Level
a - Magic Dart            Conj           32%        1d4       9%          1

Your spell library contained the following spells:

 Spells                   Type           Power      Damage    Failure   Level
 Blink                    Tloc           16%        N/A       13%         2
 Call Imp                 Summ           16%        N/A       13%         2
 Slow                     Hex            16%        N/A       14%         1
 Cigotuvi's Dreadful Rot  Necr/Alch/Air  8%         N/A       22%         2
 Mephitic Cloud           Conj/Alch/Air  5%         N/A       34%         3


Dungeon Overview and Level Annotations

Branches:
Dungeon (1/15)

Altars:


Message History

Casting: Magic Dart (safe; 9% risk of failure)
Confirm with . or Enter, or press ? or * to list all spells.
Aiming: Magic Dart (safe; 9% risk of failure)
Press: ? - help, Shift-Dir - straight line, f/p - kobold
Aim: a kobold, wielding a +0 short sword and quivering stones (moderately wounded, 100% to hit)
The magic dart hits the kobold.
The kobold is heavily wounded.
The kobold closely misses you. The kobold barely misses you.
Casting: Magic Dart (safe; 9% risk of failure)
Confirm with . or Enter, or press ? or * to list all spells.
Aiming: Magic Dart (safe; 9% risk of failure)
Press: ? - help, Shift-Dir - straight line, f/p - kobold
Aim: a kobold, wielding a +0 short sword and quivering stones (heavily wounded, 100% to hit)
The magic dart hits the kobold.
The kobold is severely wounded.
The kobold misses you. The kobold completely misses you.
You hit the kobold.
You kill the kobold!
The kobold closely misses you.
You closely miss the kobold. The kobold hits you but does no damage.
The hobgoblin barely misses you.
You closely miss the kobold.
The kobold hits you with a +0 short sword.
The hobgoblin closely misses you.
You hit the kobold but do no damage. The kobold hits you but does no damage.
The hobgoblin hits you but does no damage.
You hit the kobold but do no damage. The kobold closely misses you.
The hobgoblin completely misses you.
You barely miss the kobold.
The kobold hits you with a +0 short sword.
* * * LOW HITPOINT WARNING * * *
The hobgoblin barely misses you.
The hobgoblin attacks as it pursues you!
The hobgoblin splashes around in the water.
You enter the shallow water.
Moving in this stuff is going to be slow.
The kobold barely misses you. The kobold attacks as it pursues you!
The kobold hits you with a +0 short sword.
You die...

## ##[## ##
...####...####...
.....#..~..#.....#
8..~....~....~..8#
#...~..~~~..~...##
.....~~~~~~~.....#
...~~~~...~~~~....
.~~~~~..<..~~~~~..
...~~~~@..~~~~....
.....~K~~~~~.....#
#...~..~g~..~...##
8..~....~....~..8#
.....#..~..#.....#
...####.).####....
.## ##)## ##..
#?......# #
.........


You could see a hobgoblin and a kobold.

Vanquished Creatures
  A dart slug (D:1)
  A goblin (D:1)
  A kobold (D:1)
  A rat (D:1)
4 creatures vanquished.

Notes
Turn   | Place    | Note
-------+----------+-------------------------------------------
     0 | D:1      | pokeman the Deep Elf Hedge Wizard began the quest for the
                  | Orb.
     0 | D:1      | Reached XP level 1. HP: 10/10 MP: 7/7
    39 | D:1      | Slain by a kobold

Illustrated notes

Levels and vault maps discovered:
D:1:      eino_arrival_water_star, layout_rooms

Action                     || total
---------------------------++-------
  Melee: Dagger            ||    18
         Punch             ||     1
   Cast: Magic Dart        ||     7
 Armour: Robe              ||    11
  Dodge: Dodged            ||    24

Table legend: (Time is in decaauts)
 A = Elapsed time spent in this place.
 B = Non-inter-level travel time spent in this place.
 C = Inter-level travel time spent in this place.
 D = Time resting spent in this place.
 E = Time spent auto-exploring this place.
 F = Levels seen in this place.
 G = Mean time per level.
                   A        B        C        D        E       F      G
               +--------+--------+--------+--------+--------+-----+--------+
         Total |     40 |     40 |      0 |      0 |      4 |   1 |   40.0 |
       Dungeon |     40 |     40 |      0 |      0 |      4 |   1 |   40.0 |
               +--------+--------+--------+--------+--------+-----+--------+

Top non-repeatable levels by time:
     D:1: 40 daAuts
